 Dungeon Crawl Stone Soup version 0.30-a0-553-g7fabdf1491 (webtiles) character file.

Game seed: 15877089235710053118

80 arthad the Digger (level 4, -3/36 HPs)
             Began as a Gargoyle Earth Elementalist on Dec 26, 2022.
             Slain by Crazy Yiuf
             ... wielding a +2 quarterstaff of chaos
              (5 damage)
             ... on level 2 of the Dungeon.
             The game lasted 00:04:14 (1965 turns).

arthad the Digger (Gargoyle Earth Elementalist)     Turns: 1965, Time: 00:04:14

Health: -3/36      AC: 22    Str: 11    XL:     4   Next: 39%
Magic:  1/7        EV:  2    Int: 18    God:
Gold:   137        SH:  0    Dex: 10    Spells: 4/8 levels left

rFire   . . .      SeeInvis .    (no weapon)
rCold   . . .      Faith    .    (no shield)
rNeg    + . .      Spirit   .    (body armour currently unavailable)
rPois   ∞          Reflect  .    (helmet currently unavailable)
rElec   .          Harm     .    (cloak currently unavailable)
rCorr   .          Rampage  .    (gloves currently unavailable)
Will    .....      NoTele   +    (boots currently unavailable)
Stlth   ++                       (no amulet)
HPRegen 0.26/turn                (no ring)
MPRegen 0.10/turn                (no ring)

@: mighty, tree-form, hasted, very quick
A: stationary, stasis, torment immunity, boosted hp, sickness immunity, AC +3,
negative energy resistance 1, (electricity resistance), torment resistance 1,
petrification resistance
a: no special abilities


You were on level 2 of the Dungeon.
You were a tree.
You visited 1 branch of the dungeon, and saw 2 of its levels.

You collected 137 gold pieces.

Inventory:

Missiles
 e - 4 poisoned darts
 m - 5 atropa-tipped darts
Armour
 a - a +0 robe (melded)
Jewellery
 g - an amulet of faith
Scrolls
 c - 3 scrolls of identify {unknown}
 f - a scroll of immolation {unknown}
 h - 3 scrolls of magic mapping {unknown}
 i - a scroll of fear {unknown}
 j - a scroll of teleportation {unknown}
 k - a scroll of silence {unknown}
Potions
 b - a potion of magic
 d - a potion of curing
 o - a potion of ambrosia {unknown}


   Skills:
 + Level 0.0 Armour
 + Level 1.9 Dodging
 * Level 3.3 Stealth
 * Level 2.6 Spellcasting
 * Level 0.2 Conjurations
 + Level 1.3 Transmutations
 * Level 4.2 Earth Magic


You had 4 spell levels left.
You knew the following spells:

 Your Spells              Type           Power      Damage    Failure   Level
a - Sandblast             Erth           34%        2d9       3%          1
b - Stone Arrow           Conj/Erth      20%        3d8       21%         3

Your spell library contained the following spells:

 Spells                   Type           Power      Damage    Failure   Level
 Passwall                 Tmut/Erth      10%        N/A       9%          2
 Petrify                  Tmut/Erth      12%        N/A       47%         4


Dungeon Overview and Level Annotations

Branches:
Dungeon (2/15)

Altars:

Annotations:
D:2 Crazy Yiuf


Innate Abilities, Weirdness & Mutations

You are a tree.
Your roots penetrate the ground, keeping you stationary.
You cannot be teleported.
You are immune to unholy pain and torment.
Your maximum health is greatly increased.
Your equipment is partially melded.
You are immune to sickness and miasma.
((Your stone body is resilient. (AC +3)))
You are immune to poison.
You resist negative energy. (rN+)
((You are resistant to electric shocks. (rElec)))
You are resistant to unholy torment.
You are immune to petrification.


Message History

The blast of sand hits Crazy Yiuf.
Crazy Yiuf is moderately wounded.
Crazy Yiuf says, "Cards testudinal sing!"
Crazy Yiuf hits you with a +2 quarterstaff of chaos.
You feel very mighty all of a sudden. Crazy Yiuf hits you but does no damage.
The blast of sand hits Crazy Yiuf but does no damage.
Crazy Yiuf is moderately wounded.
Crazy Yiuf hits you but does no damage.
The blast of sand hits Crazy Yiuf.
Crazy Yiuf is moderately wounded.
Crazy Yiuf hits you with a +2 quarterstaff of chaos.
Crazy Yiuf freezes you.
Crazy Yiuf hits you with a +2 quarterstaff of chaos.
Crazy Yiuf freezes you.
The blast of sand hits Crazy Yiuf but does no damage.
Crazy Yiuf is moderately wounded.
Crazy Yiuf hits you but does no damage.
The blast of sand misses Crazy Yiuf.
Crazy Yiuf hits you but does no damage.
Crazy Yiuf says, "Walk!
Announcement sizzlefizz pizzabubble."
Crazy Yiuf hits you but does no damage.
You are electrocuted!
* * * LOW HITPOINT WARNING * * *
You are too injured to fight recklessly!
Aiming: Sandblast (safe; 3% risk of failure)
Press: ? - help, Q - select action, (/) - cycle Shift-Dir - straight line, f/p - Crazy Yiuf
Aim: Crazy Yiuf, wielding a +2 quarterstaff of chaos and wearing a +2 cloak of poison resistance (moderately wounded, 84% to hit)
The blast of sand hits Crazy Yiuf.
Crazy Yiuf is heavily wounded.
Crazy Yiuf says, "Peeping!"
Crazy Yiuf hits you with a +2 quarterstaff of chaos!
* * * LOW HITPOINT WARNING * * *
You feel yourself speed up.
Unknown command.
Aiming: Sandblast (safe; 3% risk of failure)
Press: ? - help, Q - select action, (/) - cycle Shift-Dir - straight line, f/p - Crazy Yiuf
Aim: Crazy Yiuf, wielding a +2 quarterstaff of chaos and wearing a +2 cloak of poison resistance (heavily wounded, 84% to hit)
The blast of sand hits Crazy Yiuf!
Crazy Yiuf is almost dead.
Crazy Yiuf hits you with a +2 quarterstaff of chaos.
You die...

#................
######...........
#...........
#####
#####.......
#)..# ######..
#...# ##.....#
... ##..##### #g#
###........ #♣##
#...#.##### ##.#
#.....# #.##
#.##### ##.# #.#
##.## #.# ##...#
##.# #....# #..#
#....# #.##
#....###.#


You could see Crazy Yiuf.

Vanquished Creatures
  A gnoll (D:1)
  2 adders (D:2)
  A dart slug (D:2)
  4 ball pythons
  5 endoplasms
  A giant cockroach (D:1)
  9 hobgoblins
  6 jackals
  A quokka (D:1)
  5 bats
  7 frilled lizards
  4 goblins (D:1)
  A kobold (D:2)
47 creatures vanquished.

Notes
Turn   | Place    | Note
-------+----------+-------------------------------------------
     0 | D:1      | arthad the Gargoyle Earth Elementalist began the quest for
                  | the Orb.
     0 | D:1      | Reached XP level 1. HP: 10/10 MP: 3/3
    71 | D:1      | Reached skill level 1 in Transmutations
    71 | D:1      | Reached XP level 2. HP: 15/15 MP: 1/5
   235 | D:1      | Reached skill level 4 in Earth Magic
   383 | D:1      | Reached XP level 3. HP: 19/19 MP: 4/6
  1463 | D:2      | Reached XP level 4. HP: 24/24 MP: 4/7
  1669 | D:2      | Found a runed translucent door.
  1670 | D:2      | Noticed Crazy Yiuf
  1731 | D:2      | Learned a level 3 spell: Stone Arrow
  1965 | D:2      | Slain by Crazy Yiuf

Illustrated notes

Levels and vault maps discovered:
D:1:      amcnicky_arrival_wind_blow, layout_basic
D:2:      layout_rooms, minmay_fountain_box, uniq_crazy_yiuf_cottage

Skill      XL: |  1  2  3 |
---------------+----------+-----
Transmutations | 1 |  1.3
Earth Magic    | 4 |  4.2
Stealth        | 3 |  3.3
Dodging        | |  1.9
Spellcasting   | |  2.6
Conjurations   | |  0.2

Action                   |  1- 3 |  4- 6 || total
-------------------------+-------+-------++-------
Melee: Unarmed           |     7 |       ||     7
 Cast: Sandblast         |    52 |    20 ||    72
  Use: Potion            |       |     3 ||     3
Armor: Robe              |     9 |       ||     9
       Skin              |       |     5 ||     5
Dodge: Dodged            |    13 |     1 ||    14

Table legend: (Time is in decaauts)
 A = Elapsed time spent in this place.
 B = Non-inter-level travel time spent in this place.
 C = Inter-level travel time spent in this place.
 D = Time resting spent in this place.
 E = Time spent auto-exploring this place.
 F = Levels seen in this place.
 G = Mean time per level.
                   A        B        C        D        E       F      G
               +--------+--------+--------+--------+--------+-----+--------+
         Total |   2000 |   1971 |     29 |     95 |   1631 |   2 | 1000.0 |
       Dungeon |   2000 |   1971 |     29 |     95 |   1631 |   2 | 1000.0 |
               +--------+--------+--------+--------+--------+-----+--------+

Top non-repeatable levels by time:
     D:1: 1113 daAuts
     D:2: 887 daAuts
